 Dungeon Crawl Stone Soup version 0.23.0 (webtiles) character file.

Game seed: 8649715884681569025

90 Borgoz the Sneak (level 4, -3/27 HPs)
             Began as a Kobold Assassin on Feb 16, 2019.
             Slain by Robin
             ... wielding a +3 falchion of electrocution
              (9 damage)
             ... on level 1 of the Dungeon.
             The game lasted 00:04:51 (1570 turns).

Borgoz the Sneak (Kobold Assassin)                  Turns: 1570, Time: 00:04:52

Health: -3/27      AC:  3    Str:  8    XL:     4   Next: 85%
Magic:  4/4        EV: 15    Int: 12    God:
Gold:   59         SH:  0    Dex: 17    Spells: 3/3 levels left

rFire    . . .     SeeInvis .   a - +2 dagger
rCold    . . .     Gourm    .   (shield restricted)
rNeg     . . .     Faith    .   c - +0 robe
rPois    .         Spirit   .   (no helmet)
rElec    .         Reflect  .   d - +0 cloak
rCorr    .         Harm     .   (no gloves)
MR       .....                  (no boots)
Stlth    ++++......             (no amulet)
HPRegen  0.09/turn              (no ring)
MPRegen  0.09/turn              (no ring)

@: no status effects
A: small, carnivore
a: no special abilities


You were on level 1 of the Dungeon.
You were very full.

You visited 1 branch of the dungeon, and saw 3 of its levels.

You collected 59 gold pieces.

Inventory:

Hand Weapons
 a - a +2 dagger (weapon)
 b - a +0 blowgun
Missiles
 e - 8 poisoned needles
 f - 2 curare-tipped needles
Armour
 c - a +0 robe (worn)
 d - a +0 cloak (worn)
Scrolls
 h - a scroll of remove curse {unknown}
 i - 3 scrolls of identify {unknown}
 k - a scroll of enchant weapon {unknown}
 l - 3 scrolls of immolation {unknown}
Comestibles
 g - 5 rations


   Skills:
 + Level 2.3 Fighting
 + Level 3.8 Short Blades
 + Level 2.3 Throwing
 + Level 1.9 Dodging
 + Level 7.0 Stealth


You had 3 spell levels left.
You didn't know any spells.
Your spell library was empty.

Dungeon Overview and Level Annotations

Branches:
Dungeon (3/15)

Altars:
Gozag

Annotations:
D:1 Robin


Innate Abilities, Weirdness & Mutations

You are small and have problems with some larger weapons.
You are carnivorous and can eat meat at any time.


Message History

* * * LOW HITPOINT WARNING * * *
You see here a +0 dagger.
It was a potion of curing.
You feel better.
You feel less invigorated.
Robin hits you with a +3 falchion of electrocution.
You hit Robin.
Robin is moderately wounded.
You hit Robin but do no damage.
Robin is moderately wounded.
Robin barely misses you.
You hit Robin.
Robin is heavily wounded.
Robin barely misses you.
You hit Robin but do no damage.
Robin is heavily wounded.
You hit Robin.
Robin is severely wounded.
Robin hits you with a +3 falchion of electrocution.
* * * LOW HITPOINT WARNING * * *
You are electrocuted!
You die...

#.............#...#######.##....#
#############..##.##..........###
##.##.##.###+####.#
#.##.##........[.###
#..#.##......##.†..#
##.#.##......##..).#
#####...........##....#
#.....g.##......##....'
#.[...@.##......##....#
#......>##......##....#
#.......##......#######
#.......######### # #.......# #
#.......# # #.......# # #########
# #


You could see Robin.

Vanquished Creatures
  Jessica (D:2)
  An adder (D:2)
  An ooze (D:1)
  A dart slug (D:1)
  2 giant cockroaches (D:2)
  12 goblins
  7 hobgoblins
  A jackal (D:2)
  5 kobolds (D:1)
  2 quokkas (D:2)
  A ball python (D:2)
  3 bats (D:1)
  3 frilled lizards
  7 rats
47 creatures vanquished.

Notes
Turn   | Place    | Note
-------+----------+-------------------------------------------
     0 | D:1      | Borgoz the Kobold Assassin began the quest for the Orb.
     0 | D:1      | Reached XP level 1. HP: 12/12 MP: 1/1
    61 | D:1      | Reached XP level 2. HP: 4/17 MP: 2/2
    62 | D:1      | Reached skill level 6 in Stealth
   387 | D:2      | Reached XP level 3. HP: 14/21 MP: 3/3
  1047 | D:1      | Reached XP level 4. HP: 26/26 MP: 4/4
  1075 | D:2      | Noticed Robin
  1281 | D:2      | Noticed Jessica
  1282 | D:2      | Found an opulent altar of Gozag.
  1297 | D:2      | Killed Jessica
  1297 | D:2      | Reached skill level 7 in Stealth
  1570 | D:1      | Slain by Robin

Skill      XL: |  1  2  3  4 |
---------------+-------------+-----
Stealth        | 6 7 |  7.0
Short Blades   | 3 |  3.8
Fighting       | |  2.3
Throwing       | |  2.3
Dodging        | |  1.9

Action                   |  1- 3 |  4- 6 || total
-------------------------+-------+-------++-------
Melee: Dagger            |    95 |    50 ||   145
  Use: Potion            |       |     3 ||     3
 Stab: Sleeping          |    14 |     2 ||    16
       Distracted        |     1 |     1 ||     2
       Invisible         |       |     1 ||     1
  Eat: Chunk             |     9 |     1 ||    10
Armor: Robe              |    12 |     8 ||    20
Dodge: Dodged            |    61 |    30 ||    91
